 Dungeon Crawl Stone Soup version 0.28-a0-397-g1a7b1a870f (webtiles) character file.

Game seed: 1926701585760032718

456 Conn the Firebug (level 7, -4/94 HPs)
             Began as an Octopode Fire Elementalist on Sept 4, 2021.
             Slain by Pikel (5 damage)
             ... on level 4 of the Dungeon.
             The game lasted 00:14:44 (4617 turns).

Conn the Firebug (Octopode Fire Elementalist)       Turns: 4617, Time: 00:14:45

Health: -4/94      AC: 23    Str:  7    XL:     7   Next: 6%
Magic:  10/13      EV:  2    Int: 19    God:
Gold:   155        SH:  0    Dex: 19    Spells: 8/14 levels left

rFire   . . .      SeeInvis .   b - staff of conjuration
rCold   . . .      Faith    .   (no shield)
rNeg    + + +      Spirit   .   (helmet currently unavailable)
rPois   +          Reflect  .   (no amulet)
rElec   .          Harm     .   j - +6 ring of dexterity
rCorr   .          Rampage  .   f - ring of positive energy
Will    .....      NoTele   +   i - ring of flight
Stlth   ..........              (no ring)
HPRegen 0.25/turn               (no ring)
MPRegen 0.13/turn               (no ring)
                                (no ring)
                                (no ring)

@: berserking, tree-form, very quick
A: stationary, stasis, torment immunity, boosted hp, almost no armour,
(amphibious), 8 rings, (camouflage 1), (gelatinous body 1), (nimble swimmer 1),
(tentacles), (cold resistance 1), (fire resistance 1)
a: no special abilities


You were on level 4 of the Dungeon.
You were a tree.
You visited 1 branch of the dungeon, and saw 5 of its levels.

You collected 155 gold pieces.

Inventory:

Hand Weapons
 a - a +1 dagger of venom
 m - a +0 short sword of draining
Magical Staves
 b - a staff of conjuration (weapon)
Jewellery
 f - a ring of positive energy (right branch)
 i - a ring of flight (on tentacle)
 j - a +6 ring of dexterity (left branch)
Scrolls
 g - a scroll of enchant weapon {unknown}
 h - 3 scrolls of teleportation
 l - 2 scrolls of amnesia {unknown}
 n - a scroll of magic mapping {unknown}
 o - a scroll of enchant armour {unknown}
Potions
 c - a potion of resistance
 e - a potion of haste
 p - a potion of curing


   Skills:
 + Level 0.9 Fighting
 + Level 1.4 Staves
 + Level 2.9 Dodging
 + Level 3.5 Stealth
 + Level 4.0 Spellcasting
 + Level 2.2 Conjurations
 + Level 5.1 Fire Magic


You had 8 spell levels left.
You knew the following spells:

 Your Spells              Type           Power      Damage    Failure   Level
a - Foxfire               Conj/Fire      100%       2x1d9     3%          1
b - Scorch                Fire           46%        2d7       2%          2
c - Conjure Flame         Conj/Fire      26%        6-21      9%          3

Your spell library contained the following spells:

 Spells                   Type           Power      Damage    Failure   Level
 Inner Flame              Hex/Fire       13%        N/A       14%         3
 Flame Wave               Conj/Fire      26%        3d6       30%         4
 Ozocubu's Armour         Ice            3%         N/A       38%         3
 Metabolic Englaciation   Hex/Ice        1%         N/A       98%         5
 Simulacrum               Ice/Necr       1%         N/A       100%        6
 Summon Horrible Things   Summ           1%         N/A       100%        8
 Dragon's Call            Summ           1%         N/A       100%        9


Dungeon Overview and Level Annotations

Branches:
Dungeon (5/15)
 Temple: D:4-7

Altars:
Dithmenos
Makhleb
Vehumet

Annotations:
D:3 Terence
D:4 Eustachio, Pikel


Innate Abilities, Weirdness & Mutations

You are a tree.
Your roots penetrate the ground, keeping you stationary.
You cannot be teleported.
You are immune to unholy pain and torment.
Your maximum health is greatly increased.
You cannot wear most types of armour.
((You are amphibious.))
You can wear up to eight rings at the same time.
((Your skin changes colour to match your surroundings (Stealth+).))
((Your rubbery body absorbs attacks. (AC +1, EV +1)))
((You are camouflaged near water. (Stealth+)))
((You have tentacles for arms and can constrict up to eight enemies at once.))
((Your flesh is cold resistant. (rC+)))
((Your flesh is heat resistant. (rF+)))


Message History

The foxfire hits the orc warrior but does no damage.
The orc warrior is moderately wounded.
The orc warrior hits you with a +0 short sword!
You fly upwards.
Level annotation: Eustachio, Pikel Pikel hits you with a +1 whip of electrocution.
You are electrocuted!!
* * * LOW HITPOINT WARNING * * *
There is a stone staircase leading down here.
Okay, then.
Okay, then.
Okay, then.
Okay, then.
Really quaff the potion of lignification?
You turn into a tree.
Your roots penetrate the ground.
Pikel hits you but does no damage.
The orc warrior hits you with a +0 short sword.
* * * LOW HITPOINT WARNING * * *
You feel better. Pikel hits you but does no damage.
The orc warrior hits you with a +0 short sword.
* * * LOW HITPOINT WARNING * * *
It was a potion of berserk rage.
A red film seems to cover your vision as you go berserk!
You feel yourself moving faster!
You feel mighty!
Pikel hits you with a +1 whip of electrocution.
* * * LOW HITPOINT WARNING * * *
You are electrocuted!
* * * LOW HITPOINT WARNING * * *
The orc warrior hits you but does no damage.
A lemure comes into view.
You are too berserk!
Sorry, you're not good enough to have a special ability.
The lemure shouts!
You hit Pikel.
Pikel is lightly wounded.
Pikel hits you but does no damage. The orc warrior barely misses you.
You hit Pikel.
Pikel is lightly wounded.
Pikel hits you with a +1 whip of electrocution.
You die...

..##).)......##..#######.#.#
..##...))...)#...........#.#
..##.....)))##.5.#.#######.#
5..#))......##.............#
...#.....[.)##...#.###..####
##.###....####.....# #..#
#.###....# ##....# #..#
##...§#...######...# #..#
.#....'........K♣o.# #..#
.#....############.# #..#
.#............####.###..#
.#####.#...........)....#
.#####........#########.#
.'...'..................#
.#####..................# .#
#..................# ##
#..................#


You could see Pikel, an orc warrior and a lemure.

Vanquished Creatures
  Grinder (D:4)
  2 hounds (D:4)
  Crazy Yiuf (D:4)
  An orc priest (D:5)
  An orc wizard (D:4)
  6 adders
  A white imp (D:3)
  5 orcs
  2 endoplasms
  3 giant cockroaches
  4 goblins
  3 hobgoblins
  8 jackals
  6 kobolds
  A quokka (D:5)
  6 ball pythons
  A frilled lizard (D:1)
  4 rats
  A spectral kobold (D:1)
57 creatures vanquished.

Vanquished Creatures (others)
  225 foxfires
225 creatures vanquished.

Grand Total: 282 creatures vanquished

Notes
Turn   | Place    | Note
-------+----------+-------------------------------------------
     0 | D:1      | Conn the Octopode Fire Elementalist began the quest for the
                  | Orb.
     0 | D:1      | Reached XP level 1. HP: 11/11 MP: 3/3
    72 | D:1      | Found a faded altar of an unknown god.
   445 | D:1      | Reached XP level 2. HP: 17/17 MP: 3/5
   836 | D:1      | Learned a level 2 spell: Scorch
  1258 | D:2      | Found a burning altar of Makhleb.
  1398 | D:2      | Got the Grimoire of Companions
  1486 | D:2      | Reached XP level 3. HP: 21/21 MP: 2/6
  1891 | D:2      | Learned a level 3 spell: Conjure Flame
  2051 | D:3      | Reached skill level 4 in Fire Magic
  2266 | D:3      | Found a radiant altar of Vehumet.
  2309 | D:3      | Reached XP level 4. HP: 27/27 MP: 4/7
  2322 | D:3      | Noticed Terence
  2928 | D:3      | Gained mutation: Your flesh is heat resistant. (rF+)
                  | [potion of mutation]
  2928 | D:3      | Gained mutation: Your flesh is cold resistant. (rC+)
                  | [potion of mutation]
  3077 | D:4      | Noticed Grinder
  3078 | D:4      | Paralysed by Grinder for 5 turns
  3088 | D:4      | Killed Grinder
  3089 | D:4      | Reached skill level 1 in Staves
  3089 | D:4      | Reached XP level 5. HP: 23/32 MP: 1/10
  3089 | D:4      | Reached XP level 6. HP: 27/37 MP: 1/11
  3216 | D:4      | Found a runed translucent door.
  3219 | D:4      | Noticed Crazy Yiuf
  3261 | D:4      | Killed Crazy Yiuf
  3435 | D:4      | Noticed Pikel
  3792 | D:3      | Found a shadowy altar of Dithmenos.
  4400 | D:4      | Noticed Eustachio
  4408 | D:4      | Reached skill level 5 in Fire Magic
  4430 | D:5      | Entered Level 5 of the Dungeon
  4463 | D:5      | Noticed an orc warrior
  4469 | D:5      | Reached XP level 7. HP: 32/42 MP: 1/12
  4613 | D:4      | HP: 2/63 [orc warrior (2)]
  4617 | D:4      | Slain by Pikel

Illustrated notes

Levels and vault maps discovered:
D:1:      amcnicky_arrival_flooded_fountain, layout_loops_ring,
          dreamdust_ecumenical_altar_drowned_temple, skrybe_limestone_x
D:2:      layout_loops_corners, basic_altar
D:3:      layout_loops_corners, general_overflow_altar,
          mainiacjoe_overflow_cross_hatched, uniq_terence
D:4:      layout_basic, uniq_crazy_yiuf_cottage, uniq_eustachio, uniq_pikel,
          uniq_grinder
D:5:      layout_cave_pools, mainiacjoe_overflow_alcove_2

Skill      XL: |  1  2  3  4  5  6  7 |
---------------+----------------------+-----
Stealth        | 3 |  3.5
Fire Magic     | 4 5 |  5.1
Staves         | 1 |  1.4
Spellcasting   | 3 4 |  4.0
Conjurations   | 2 |  2.2
Fighting       | |  0.9
Dodging        | |  2.9

Action                   |  1- 3 |  4- 6 |  7- 9 || total
-------------------------+-------+-------+-------++-------
Melee: Unarmed           |    10 |       |       ||    10
       Tentacles         |     5 |     3 |       ||     8
       Constrict         |     4 |     6 |       ||    10
       Short sword       |     2 |       |       ||     2
       Staff             |     3 |    18 |     2 ||    23
 Cast: Foxfire           |    45 |    73 |     9 ||   127
       Scorch            |     5 |     9 |       ||    14
       Conjure Flame     |       |     5 |       ||     5
  Use: Potion            |       |     4 |     3 ||     7
       Scroll            |       |     3 |       ||     3
 Stab: Sleeping          |       |     1 |       ||     1
Armor: Skin              |     1 |     5 |     4 ||    10
Dodge: Dodged            |    14 |    33 |    16 ||    63

Table legend: (Time is in decaauts)
 A = Elapsed time spent in this place.
 B = Non-inter-level travel time spent in this place.
 C = Inter-level travel time spent in this place.
 D = Time resting spent in this place.
 E = Time spent auto-exploring this place.
 F = Levels seen in this place.
 G = Mean time per level.
                   A        B        C        D        E       F      G
               +--------+--------+--------+--------+--------+-----+--------+
         Total |   4604 |   4604 |      0 |    532 |   2935 |   5 |  920.8 |
       Dungeon |   4604 |   4604 |      0 |    532 |   2935 |   5 |  920.8 |
               +--------+--------+--------+--------+--------+-----+--------+

Top non-repeatable levels by time:
     D:2: 1312 daAuts
     D:3: 1310 daAuts
     D:1: 1028 daAuts
     D:4: 830 daAuts
     D:5: 122 daAuts
